Song, neutral female gnomish Wizard ---------- |........| |....aa..| .....@...| |........| -+--i----- Song the Thaumaturge Experience level: 6 Strength: 12 Dexterity: 14 Constitution: 15 Intelligence: 19 Wisdom: 8 Charisma: 10 Health: 0(37) Energy: 25(65) AC: 8 Gold: 21 Moves: 2488 Your Inventory: Coins $ - 21 gold pieces Weapons a - a blessed +1 quarterstaff (weapon in hands) r - an [uncursed +0] dagger G - an [uncursed +0] broad pick [dwarvish mattock] Armor b - an uncursed +0 cloak of magic resistance (being worn) o - a [blessed] +1 ring mail of brilliance J - a [blessed] +0 iron skull cap [orcish helm] (being worn) Comestibles x - an [uncursed] fortune cookie y - 2 [uncursed] pancakes z - an [uncursed] cream pie C - an [uncursed] food ration H - an [uncursed] slime mold I - an [uncursed] eucalyptus leaf Scrolls i - an uncursed scroll of identify j - a blessed scroll of gold detection k - an uncursed scroll of teleportation A - an [uncursed] scroll labeled DAIYEN FOOELS [of enchant weapon] Spellbooks l - a blessed spellbook of force bolt m - an uncursed spellbook of magic missile Potions f - an uncursed potion of monster detection g - an uncursed potion of water u - an [uncursed] potion of gain level D - an [uncursed] sky blue potion [of restore ability] Rings d - an uncursed ring of fire resistance e - a blessed +2 ring of gain dexterity Wands c - an uncursed wand of create monster (0:13) Tools t - an [uncursed] tin whistle B - an [uncursed] leash Gems F - an [uncursed] gray stone [touchstone] Spells known in the end: Name Level Category Fail Memory a - force bolt 1 attack 0% [||||||||] b - magic missile 2 attack 0% [||||||||] Your skills at the end: Fighting Skills Weapon Skills quarterstaff [Basic / Expert] Spellcasting Skills attack spells [Basic / Expert] enchantment spells [Basic / Skilled] Final Attributes: You were piously aligned. Hunger level was 420. Your alignment was 22 / 22. Monster difficulty range was 1 - 6. Level difficulty was 7. You were magic-protected. You were telepathic. You had infravision. You were unlucky (-3). You are dead. Vanquished creatures: a wood nymph a water nymph a mountain nymph 2 ponies a shrieker a gnome lord a red naga hatchling a black naga hatchling 2 elf zombies a straw golem a giant ant 5 hill orcs a werejackal an iguana 2 coyotes 3 hobbits 9 manes a large kobold a hobgoblin 2 cave spiders 2 yellow molds 2 gnomes 4 garter snakes 2 geckos 3 jackals a goblin 6 sewer rats a grid bug 7 lichens 8 newts 74 creatures vanquished. Voluntary challenges: You were an atheist. You used a wielded weapon 33 times. You read items or engraved 3 times. You put on armor 10 times. You never genocided any monsters. You never polymorphed an object. You never changed form. You used no wishes. You wrote Elbereth's name 1 time. You never encountered a bones level. You never used any Sokoban shortcuts. Dungeon overview: The Dungeons of Doom: levels 1 to 4 Level 1 some fountains a long staircase Level 2 a jewelry store, a fountain Level 3 a potion shop, a sink Level 4 a general store, some fountains stairs to The Gnomish Mines The Gnomish Mines: levels 5 to 7 Level 5 stairs to The Dungeons of Doom Level 7 <- You were here History has recorded: On T:1 you entered the Dungeons of Doom to retrieve the Amulet of Yendor! On T:466 you reached level 2 of The Dungeons of Doom. On T:594 you advanced to experience level 2. On T:1065 you reached level 3 of The Dungeons of Doom. On T:1137 you advanced to experience level 3. On T:1479 you reached level 4 of The Dungeons of Doom. On T:1713 you advanced to experience level 4. On T:1718 you reached level 1 of The Gnomish Mines. On T:1827 you advanced to experience level 5. On T:2203 you advanced to experience level 6. On T:2261 you reached level 2 of The Gnomish Mines. On T:2481 you reached level 3 of The Gnomish Mines. Latest messages: A hobbit [seen: normal vision, infravision] on the floor of a room. The spell hits the hobbit! You kill the hobbit! Splat! The spell misses the giant ant. The giant ant bites! (3x) The giant ant just misses! [HP-5=22] [2 turns] The giant ant bites! (3x) [HP-4=18] The giant ant bites! You hear a door open. [HP-2=16] The giant ant bites! (5x) [HP-13=3] [2 turns] The giant ant bites! (2x) You die... Final status: Goodbye Song the Wizard... You died in The Gnomish Mines on dungeon level 7 with 1691 points, and 21 pieces of gold, after 2488 moves. You were level 6 with a maximum of 37 hit points when you died.